 Dungeon Crawl Stone Soup version 0.23.3-3-gaaff5abdbf (webtiles) character file.

Game seed: 2085717564004356525

749431 MordorOrchid the Gnoll Aeon (level 27, -3/296 HPs)
             Began as a Gnoll Fighter on Apr 11, 2020.
             Was the Champion of Cheibriados.
             Slain by a monstrous warmonger (23 damage)
             ... on level 7 of a ziggurat on May 23, 2020.
             The game lasted 09:08:25 (37607 turns).

MordorOrchid the Gnoll Aeon (Gnoll Fighter)        Turns: 37607, Time: 09:08:26

Health: -3/296     AC: 45    Str: 39    XL:     27
Magic:  26/54      EV: 33    Int: 40    God:    Cheibriados [******]
Gold:   4479       SH: 29    Dex: 32    Spells: 4/63 levels left

rFire    + . .     SeeInvis .     - Unarmed
rCold    . . .     Gourm    .   c - +2 large shield
rNeg     + + .     Faith    .   (armour currently unavailable)
rPois    ∞         Spirit   .   J - +2 helmet "Reixtoun" {rPois rN+ Dex+2}
rElec    +         Reflect  .   h - +1 cloak "Dymuxutz" {rF+ Str+4 Int+3}
rCorr    .         Harm     .   (gloves currently unavailable)
MR       ++...                  (boots currently unavailable)
Stlth    ++++++++..             g - amulet of magic regeneration
HPRegen  1.59/turn              n - +6 ring of protection
MPRegen  0.59/turn              U - ring of magical power

@: statue-form, regenerating, very slow
A: distributed training, fangs 1, hooves 1, rugged brown scales 1, deformed
body, subdued magic 1, strong nose
}: 7/15 runes: barnacled, slimy, silver, obsidian, icy, bone, gossamer
a: End Transformation, Bend Time, Temporal Distortion, Slouch, Step From Time,
Renounce Religion


You were on level 7 of a ziggurat.
You worshipped Cheibriados.
Cheibriados was exalted by your worship.
You were not hungry.
You were a stone statue.
You visited 13 branches of the dungeon, and saw 69 of its levels.
You visited 1 ziggurat, and saw 7 of its levels.
You also visited: Sewer and Desolation.

You collected 7564 gold pieces.
You spent 3085 gold pieces at shops.

Inventory:

Hand Weapons
 a - the +7 sceptre of Asmodeus
   (You took it off Asmodeus on level 7 of Gehenna)
 b - a +9 blowgun
 j - the +9 hand crossbow of the Demagogue {penet, rN+++ Str+3}
   (You found it on level 3 of the Elven Halls)

   Ammo fired by it will pass through the targets it hits, potentially hitting
   all targets in its path until it reaches maximum range.
   It affects your strength (+3).
   It renders you almost immune to negative energy.
 y - the +8 arc blade {discharge, rElec}
   (You took it off a deep elf annihilator on level 3 of the Elven Halls)

   It insulates you from electricity.
Missiles
 o - 780 bolts
 z - 21 curare-tipped needles
 H - 12 throwing nets
 Z - 23 javelins of returning (quivered)
Armour
 c - a +2 large shield (worn)
 h - the +1 cloak "Dymuxutz" (worn) {rF+ Str+4 Int+3}
   (You acquired it on level 4 of the Lair of Beasts)

   It affects your strength (+4).
   It affects your intelligence (+3).
   It protects you from fire.
 v - the +8 orange crystal plate armour (melded) {Archmagi, Int+3 Clar}
   (You took it off an orc warrior on level 5 of the Vaults)

   It affects your intelligence (+3).
   It protects you against confusion.
 w - a +2 pair of boots of stealth (melded)
 J - the +2 helmet "Reixtoun" (worn) {rPois rN+ Dex+2}
   (You found it on level 3 of the Elven Halls)

   It affects your dexterity (+2).
   It protects you from poison.
   It protects you from negative energy.
 Q - a +2 pair of gloves of dexterity (melded)
Magical Staves
 x - an uncursed staff of energy
Jewellery
 g - an amulet of magic regeneration (around neck)
 n - a +6 ring of protection (left hand)
 G - an uncursed ring of protection from fire
 M - an uncursed ring of protection from cold
 U - a ring of magical power (right hand)
Wands
 d - a wand of scattershot (6)
 i - a wand of clouds (1)
 A - a wand of polymorph (38)
 B - a wand of acid (27)
 F - a wand of digging (14)
 S - a wand of paralysis (10)
 V - a wand of iceblast (47)
Scrolls
 k - 15 scrolls of remove curse
 q - 16 scrolls of teleportation
 E - 11 scrolls of fear
 I - a scroll of magic mapping
 K - 8 scrolls of identify
 O - 10 scrolls of fog
 P - 7 scrolls of blinking
 R - a scroll of summoning
 X - 4 scrolls of immolation
Potions
 e - 3 potions of ambrosia
 l - 9 potions of curing
 r - 5 potions of magic
 t - 16 potions of heal wounds
 u - 3 potions of might
 C - a potion of cancellation
 T - 2 potions of resistance
Miscellaneous
 m - 3 boxes of beasts
 p - a lamp of fire
 s - 2 phantom mirrors
 L - a lightning rod (4/4)
 N - the horn of Geryon
 Y - 5 sacks of spiders
Comestibles
 f - 77 rations
 D - 2 chunks of flesh


   Skills:
 + Level 19.3 Fighting
 + Level 18.6 Short Blades
 + Level 18.6 Long Blades
 + Level 19.0 Axes
 + Level 18.6 Maces & Flails
 + Level 18.6 Polearms
 + Level 18.6 Staves
 + Level 18.6 Slings
 + Level 18.6 Bows
 + Level 18.6 Crossbows
 + Level 18.6 Throwing
 + Level 19.3 Armour
 + Level 18.6 Dodging
 + Level 18.6 Stealth
 + Level 19.3 Shields
 + Level 18.6 Unarmed Combat
 + Level 18.6 Spellcasting
 + Level 16.0 Conjurations
 + Level 16.0 Hexes
 + Level 16.0 Charms
 + Level 16.0 Summonings
 + Level 16.0 Necromancy
 + Level 16.0 Translocations
 + Level 16.0 Transmutations
 + Level 16.0 Fire Magic
 + Level 16.0 Ice Magic
 + Level 16.0 Air Magic
 + Level 16.0 Earth Magic
 + Level 16.0 Poison Magic
 + Level 19.9 Invocations
 + Level 18.6 Evocations


You had 4 spell levels left.
You knew the following spells:

 Your Spells              Type           Power        Failure   Level  Hunger
a - Spellforged Servitor  Conj/Summ      #######...   1%          7    None
b - Song of Slaying       Chrm           #######.     0%          2    None
c - Conjure Flame         Conj/Fire      #######.     0%          3    None
h - Bolt of Magma         Conj/Fire/Erth #######...   1%          5    None
j - Summon Lightning Spi  Summ/Air       #######.     0%          4    None
k - Regeneration          Chrm/Necr      #######...   0%          3    None
p - Passage of Golubria   Tloc           N/A          0%          4    None
r - Irradiate             Conj/Tmut      #######...   1%          5    None
s - Summon Forest         Summ/Tloc      #######...   1%          5    None
w - Passwall              Tmut/Erth      #######.     0%          2    None
y - Statue Form           Tmut/Erth      #######..    1%          6    None
z - Apportation           Tloc           ######       0%          1    None
E - Borgnjor's Vile Clut  Necr/Erth      #######...   1%          5    None
S - Malign Gateway        Summ/Tloc      #######...   1%          7    None

Your spell library contained the following spells:

 Spells                   Type           Power        Failure   Level  Hunger
 Animate Skeleton         Necr           N/A          0%          1    None
 Beastly Appendage        Tmut           ######       0%          1    None
 Confusing Touch          Hex            ######       0%          1    None
 Corona                   Hex            #######      0%          1    None
 Flame Tongue             Conj/Fire      #####        0%          1    None
 Infusion                 Chrm           ####         0%          1    None
 Magic Dart               Conj           ####         0%          1    None
 Pain                     Necr           ####         0%          1    None
 Shock                    Conj/Air       ####         0%          1    None
 Sting                    Conj/Pois      ####         0%          1    None
 Summon Butterflies       Summ           #######.     0%          1    None
 Summon Small Mammal      Summ           ####         0%          1    None
 Call Imp                 Summ           #######.     0%          2    None
 Ensorcelled Hibernation  Hex/Ice        ######       0%          2    None
 Poisonous Vapours        Pois/Air       ######       0%          2    None
 Shroud of Golubria       Chrm/Tloc      #######...   0%          2    None
 Slow                     Hex            #######.     0%          2    None
 Sticks to Snakes         Tmut           #######.     0%          2    None
 Swiftness                Chrm/Air       #######.     0%          2    None
 Throw Flame              Conj/Fire      ######       0%          2    None
 Call Canine Familiar     Summ           #######.     0%          3    None
 Confuse                  Hex            #######.     0%          3    None
 Dazzling Spray           Conj/Hex       ######       0%          3    None
 Ignite Poison            Fire/Tmut/Pois #######.     0%          3    None
 Inner Flame              Hex/Fire       #######.     0%          3    None
 Lesser Beckoning         Tloc           #######...   0%          3    None
 Mephitic Cloud           Conj/Pois/Air  #######.     0%          3    None
 Ozocubu's Armour         Chrm/Ice       #######.     0%          3    None
 Portal Projectile        Hex/Tloc       ######       0%          3    None
 Recall                   Summ/Tloc      N/A          0%          3    None
 Spectral Weapon          Hex/Chrm       #######.     0%          3    None
 Spider Form              Tmut/Pois      #######...   0%          3    None
 Static Discharge         Conj/Air       #######.     0%          3    None
 Summon Guardian Golem    Hex/Summ       #######.     0%          3    None
 Tukima's Dance           Hex            #######.     0%          3    None
 Vampiric Draining        Necr           #######...   0%          3    None
 Animate Dead             Necr           N/A          0%          4    None
 Cause Fear               Hex            #######...   0%          4    None
 Fulminant Prism          Conj/Hex       #######...   0%          4    None
 Ice Form                 Ice/Tmut       #######.     0%          4    None
 Leda's Liquefaction      Hex/Erth       #######...   0%          4    None
 Olgreb's Toxic Radiance  Pois           #######.     0%          4    None
 Sticky Flame             Conj/Fire      #######.     0%          4    None
 Summon Ice Beast         Ice/Summ       #######.     0%          4    None
 Alistair's Intoxication  Tmut/Pois      #######.     1%          5    None
 Aura of Abjuration       Summ           #######...   1%          5    None
 Blade Hands              Tmut           #######...   1%          5    None
 Bolt of Draining         Conj/Necr      #######...   1%          5    None
 Excruciating Wounds      Chrm/Necr      #######...   1%          5    None
 Fireball                 Conj/Fire      #######...   1%          5    None
 Iskenderun's Battlesphe  Conj/Chrm      #######.     1%          5    None
 Lee's Rapid Deconstruct  Erth           #######...   1%          5    None
 Metabolic Englaciation   Hex/Ice        #######...   1%          5    None
 Silence                  Hex/Air        #######...   1%          5    None
 Summon Demon             Summ           #######...   1%          5    None
 Summon Mana Viper        Hex/Summ       #######.     1%          5    None
 Venom Bolt               Conj/Pois      #######...   1%          5    None
 Yara's Violent Unravell  Hex/Tmut       #######...   1%          5    None
 Bolt of Cold             Conj/Ice       #######...   1%          6    None
 Bolt of Fire             Conj/Fire      #######...   1%          6    None
 Conjure Ball Lightning   Conj/Air       #######...   1%          6    None
 Darkness                 Hex            #######...   1%          6    None
 Death Channel            Necr           #######...   1%          6    None
 Deflect Missiles         Chrm/Air       #######...   1%          6    None
 Freezing Cloud           Conj/Ice/Air   #######...   1%          6    None
 Hydra Form               Tmut           #######...   1%          6    None
 Invisibility             Hex            #######.     1%          6    None
 Iron Shot                Conj/Erth      #######...   1%          6    None
 Ozocubu's Refrigeration  Ice            #######...   1%          6    None
 Shadow Creatures         Summ           N/A          1%          6    None
 Simulacrum               Ice/Necr       #######...   1%          6    None
 Dragon Form              Tmut           #######...   1%          7    None
 Haunt                    Necr/Summ      #######...   1%          7    None
 Orb of Destruction       Conj           #######...   1%          7    None
 Ring of Flames           Chrm/Fire      #######...   1%          7    None
 Borgnjor's Revivificati  Necr           #######...   12%         8    ###....
 Death's Door             Chrm/Necr      #######...   12%         8    ###....
 Discord                  Hex            #######...   12%         8    ###....
 Infestation              Necr           #######...   12%         8    ###....
 Necromutation            Tmut/Necr      #######...   12%         8    ###....
 Dragon's Call            Summ           #######...   89%         9    #####..
 Shatter                  Erth           #######...   89%         9    #####..


Dungeon Overview and Level Annotations

Branches:
Dungeon (15/15)            Temple (0/1) D:4            Lair (6/6) D:9
 Shoals (4/4) Lair:4       Spider (4/4) Lair:4        Slime (5/5) Lair:6
    Orc (2/2) D:9             Elf (3/3) Orc:2        Vaults (5/5) D:13
  Crypt (0/3) Vaults:2     Depths (5/5) D:15           Hell (1/1)
    Geh (7/7) Hell            Coc (7/7) Hell            Tar (7/7) Hell
    Zot (0/5) Depths:5
    Dis: Hell:1

Altars:
Cheibriados
Dithmenos
Elyvilon
Fedhas
Gozag
Makhleb
Nemelex Xobeh
Uskayaw
Xom
Yredelemnul
Zin
Beogh

Shops:
Orc:1 }   Orc:2 }=!*   Shoals:3 [   Shoals:4 =   Vaults:2 :   Vaults:5 ?
Depths:1 }=}

Portals:
Hell: Depths:1 Depths:2 Depths:3 Depths:4 Depths:5
Abyss: Depths:1 Depths:4 Depths:5
Pandemonium: Depths:1 Depths:2 Depths:3 Depths:4

Annotations:
Slime:3 exclusion: downstairs
Slime:4 Dissolution
Elf:2 3 runed translucent doors
Depths:3 exclusion: upstairs


Innate Abilities, Weirdness & Mutations

Your experience applies equally to all skills.
You have very sharp teeth.
Your uncanny sense of smell can sniff out nearby items.
You have large cloven feet.
(You are partially covered in rugged brown scales. (AC +1, +3% HP))
Armour fits poorly on your strangely shaped body.
Your spells are a little easier to cast, but a little less powerful.


Message History

You feel clever.
Your connection to magic feels less subdued.
You feel somewhat more hungry. You block Ecuxtug's attack.
The reaper completely misses you.
Your eldritch tentacle slaps Ecuxtug!
Your eldritch tentacle freezes Ecuxtug!!
Your eldritch tentacle claws Ecuxtug!
Ecuxtug dies!
Cheibriados thoroughly appreciates the change of pace.
You block the hellwing's attack. The hellwing completely misses you.
The green death gestures at you. The bolt of poison misses you.
The monstrous warmonger hits you but does no damage.
You block the monstrous warmonger's attack.
The monstrous warmonger gores you.
* * * LOW HITPOINT WARNING * * *
The green death gestures at you. The poison arrow hits you.
You partially resist.
* * * LOW HITPOINT WARNING * * *
The monstrous warmonger hits you!!
You die...

▓▓▓▓▓▓▓▓▓▓▓
▓▓.........▓▓
▓▓........2§§▓▓
▓▓.......4862.}▓
▓▓..♣....♣≈≈w..=∩▓
▓.∩.......≈≈≈*§}>!▓
▓▓.........≈≈..:∩▓▓
▓▓.......≈≈≈..[▓▓
▓▓.........♣.▓▓
▓▓♣........▓▓
▓▓▓▓▓▓▓▓▓▓▓


You could see a monstrous warmonger, a reaper, a green death, a hellwing and a
friendly eldritch tentacle.

Vanquished Creatures
  the Royal Jelly (Slime:5)
  Asmodeus (Geh:7)
  Ereshkigal (Tar:7)
  Mennas (Vaults:5)
  A juggernaut (Depths:5)
  Margery (Depths:5)
  11 shard shrikes
  Saint Roka (Vaults:5)
  Geryon (Hell)
  8 caustic shrikes
  A golden dragon (Depths:3)
  5 bone dragons
  6 doom hounds
  14 Tzitzimimeh
  17 Brimstone Fiends
  8 Ice Fiends (Coc:7)
  5 liches
  A deep elf blademaster (Elf:2)
  6 tentacled monstrosities
  A quicksilver dragon (Depths:4)
  7 titans
  Asterion (Depths:2)
  2 Executioners (Zig:7)
  13 acid blobs
  Frances (Shoals:1)
  6 sphinxes
  A deep elf master archer (Elf:3)
  The ghost of NeAGen181 the Warrior, an adept HOFi of Beogh (Lair:6)
  5 shadow dragons
  2 storm dragons
  7 azure jellies
  14 fire giants
  8 tengu reavers
  4 deep elf sorcerers
  15 frost giants
  An imperial myrmidon (Desolation)
  An orc warlord (Vaults:2)
  A draconian scorcher (Depths:5)
  15 balrugs
  2 caustic shrike zombies
  8 vault wardens
  4 ghost moths
  A draconian shifter (Depths:5)
  2 cacodemons (Hell)
  2 emperor scorpions (Spider:4)
  10 ironheart preservers
  7 deep elf elementalists
  21 stone giants
  2 draconian annihilators (Zig:3)
  3 war gargoyles
  17 reapers
  An entropy weaver (Vaults:5)
  25 very ugly things
  2 spriggan defenders (Depths:4)
  8 vampire knights
  A corrupter (Zig:7)
  A green draconian (Depths:5)
  A purple draconian (Depths:5)
  2 halazid warlocks (Desolation)
  A lorocyproca (Depths:2)
  3 white draconians
  3 black draconians (Depths:5)
  A yellow draconian (Depths:5)
  4 deep elf annihilators
  19 spark wasps
  An eidolon (Vaults:2)
  3 deep elf demonologists
  5 death oozes (Slime:5)
  2 merfolk javelineers (Shoals:4)
  8 deep elf death magi
  14 ettins
  8 blizzard demons
  3 crystal guardians (Desolation)
  6 quicksilver dragon zombies
  14 fire dragons
  13 great orbs of eyes
  8 ragged hierophants (Desolation)
  10 deep elf high priests
  9 yaktaur captains
  2 jiangshi (Tar:7)
  2 merfolk impalers
  30 vault guards
  3 servants of whispers
  A quicksilver dragon skeleton (Depths:3)
  Harold (D:8)
  4 rakshasas
  19 ice dragons
  3 peacekeepers (Desolation)
  6 hydras
  4 spriggan air magi
  10 ogre magi
  A merfolk avatar (Shoals:4)
  12 centaur warriors
  2 alligator snapping turtles (Shoals:4)
  32 two-headed ogres
  A small abomination (Elf:2)
  6 deep troll earth magi
  6 deep troll shamans
  11 tengu warriors
  5 spriggan berserkers
  6 death yaks
  4 dancing weapons
  2 iron golems (Hell)
  21 hell hogs
  13 soul eaters
  3 titan zombies
  A storm dragon zombie (Geh:7)
  3 vampire magi
  5 deep elf knights
  14 hell knights
  11 sun demons
  2 salamander mystics (Depths:2)
  39 skeletal warriors
  4 golden dragon zombies
  A shadow wraith (Vaults:4)
  3 sixfirhies (Hell)
  A fire crab (Geh:5)
  9 flayed ghosts
  A titan skeleton (Geh:5)
  2 anaconda zombies
  2 glowing orange brains
  An unseen horror (shapeshifter) (Vaults:4)
  3 unseen horrors
  10 shadow demons
  A ghost moth zombie (Geh:7)
  7 sea snakes
  9 deep elf archers
  A tengu zombie (Depths:4)
  5 wizards
  18 ironbrand convokers
  18 deep trolls
  A lindwurm (shapeshifter) (Elf:3)
  7 phantasmal warriors
  A sphinx zombie (Depths:4)
  9 harpies
  A shadow dragon zombie (Coc:7)
  A wolf spider zombie (Coc:2)
  An anaconda skeleton (Geh:6)
  3 necromancers
  5 orc sorcerers
  6 salamanders
  4 frost giant zombies
  14 orb spiders
  A tengu skeleton (Depths:3)
  8 orc knights
  19 wolf spiders
  6 fauns
  An oklob plant (Lair:5)
  15 cyclopes
  17 ugly things
  35 deep elf magi
  5 stone giant zombies
  54 slime creatures
  8 manticores
  A sphinx skeleton (Depths:4)
  3 shining eyes
  An iron dragon skeleton (Tar:5)
  3 shadow dragon skeletons
  A fire giant zombie (Hell)
  A centaur zombie (D:13)
  6 merfolk sirens
  Maurice (D:9)
  A dire elephant zombie (Geh:3)
  A fire giant skeleton (Geh:7)
  5 guardian serpents (Desolation)
  A black mamba (shapeshifter) (Vaults:2)
  2 water nymphs
  6 orange demons
  7 rust devils (Hell)
  2 black mambas
  2 smoke demons (Geh:5)
  9 spiny frogs
  4 ice statues
  9 vault sentinels
  An eye of devastation (Slime:3)
  3 molten gargoyles
  9 elephants
  A torpor snail (Spider:3)
  A yellow draconian zombie (Geh:2)
  12 hellions
  40 yaktaurs
  2 dire elephant skeletons
  2 kobold demonologists
  17 freezing wraiths
  A rime drake (Lair:6)
  8 efreet
  4 komodo dragons
  22 ice devils
  20 tormentors
  7 demonic crawlers
  2 hellwings (Depths:1)
  11 jumping spiders
  11 red devils
  A troll (shapeshifter) (Depths:5)
  12 merfolk
  A yaktaur skeleton (Vaults:2)
  2 silent spectres
  6 trolls
  9 tengu conjurers
  A purple draconian skeleton (Geh:2)
  4 hydra zombies
  13 hornets
  2 harpy zombies
  2 polar bears (Lair:6)
  42 saltlings
  Prince Ribbit (D:6)
  A polar bear (shapeshifter) (Vaults:3)
  A harpy skeleton (D:15)
  A meliai (shapeshifter) (Vaults:4)
  A hornet (shapeshifter) (Vaults:1)
  3 wind drakes
  8 blink frogs
  3 ice dragon zombies
  An alligator zombie (Coc:7)
  6 dream sheep (Lair:6)
  2 dream sheep (shapeshifter)
  2 fire dragon zombies
  A spriggan zombie (Hell)
  A hydra skeleton (Tar:3)
  7 snapping turtles
  4 ettin zombies
  A fire giant simulacrum (Depths:3)
  14 hippogriffs
  An ice dragon skeleton (Coc:7)
  A spriggan (shapeshifter) (Vaults:4)
  52 flying skulls
  A redback (shapeshifter) (Vaults:4)
  44 redbacks
  30 yaks
  A fire dragon skeleton (Tar:3)
  9 spriggans (Lair:6)
  An air elemental (Elf:1)
  11 tarantellas
  19 water elementals
  An elf zombie (Hell)
  A dire elephant simulacrum (Coc:3)
  8 shadows
  2 ettin skeletons
  6 wraiths
  4 wyverns
  2 basilisks
  10 fire elementals
  6 hungry ghosts
  A golden eye (Slime:5)
  A human (D:9)
  3 hogs (D:9)
  A two-headed ogre zombie (D:9)
  5 vampire mosquitoes
  A yaktaur simulacrum (Vaults:2)
  A neqoxec (Depths:4)
  An elf simulacrum (Depths:3)
  4 wargs (Vaults:5)
  A chaos spawn (Depths:2)
  Menkaure (D:4)
  5 water moccasins
  An acid dragon (Vaults:1)
  33 hell hounds
  Duvessa (D:4)
  A floating eye (Slime:2)
  A deep troll skeleton (Vaults:2)
  3 porcupines
  6 spiny frog zombies
  A water moccasin (shapeshifter) (Depths:4)
  56 orc warriors
  An ettin simulacrum (Vaults:2)
  6 necrophages
  A manticore zombie (Geh:7)
  4 black bears (Lair:6)
  2 spiny frog skeletons (Hell)
  An eye of draining (Slime:2)
  9 ice beasts
  3 phantoms
  13 boggarts
  28 ogres
  An alligator simulacrum (Hell)
  25 centaurs
  A tengu (shapeshifter) (Vaults:5)
  18 wolves
  A swamp dragon skeleton (Coc:2)
  A manticore skeleton (Geh:2)
  4 big kobolds
  10 crocodiles
  2 earth elementals
  15 bullfrogs
  A gnoll sergeant (D:10)
  A glowing shapeshifter simulacrum (Depths:4)
  A spiny frog simulacrum (Hell)
  2 elf skeletons
  Dowan (D:4)
  A wyvern skeleton (D:14)
  3 scorpions
  A troll zombie (Geh:2)
  An orc simulacrum (Vaults:2)
  16 killer bees
  16 wights
  A spriggan skeleton (Geh:7)
  5 electric eels
  A howler monkey (D:4)
  13 crimson imps
  4 bullfrog zombies
  4 jellies
  A quasit (Depths:4)
  5 bullfrog skeletons
  2 centaur skeletons
  3 hounds
  13 orc wizards
  A human zombie (Geh:2)
  18 orc priests
  4 iguanas
  A human skeleton (Tar:7)
  5 worker ants
  10 hell rats (Hell)
  Terence (D:2)
  7 ogre zombies (D:9)
  18 adders
  7 gnolls
  3 river rats (Sewer)
  10 shadow imps
  22 white imps
  An ooze (Sewer)
  4 worms
  An adder skeleton (D:8)
  2 dart slugs (D:1)
  12 leopard geckos
  83 orcs
  11 ball pythons
  7 bats
  6 giant cockroaches
  13 goblins
  13 hobgoblins
  2 jackals (D:11)
  5 quokkas
  10 frilled lizards
  3 goblin skeletons (D:9)
  2 goblin zombies (D:9)
  2 hobgoblin skeletons (D:9)
  2 hobgoblin zombies (D:9)
  25 kobolds
  2 leopard gecko skeletons
  4 orc skeletons (D:9)
  12 orc zombies (D:9)
  35 rats
  A bush (Lair:4)
  3 crawling corpses
  8 plants
2403 creatures vanquished.

Vanquished Creatures (collateral kills)
  Antaeus (Coc:7)
  the Serpent of Hell (Tar:7)
  2 shard shrikes
  A golden dragon (Zig:5)
  A pandemonium lord (Zig:7)
  2 Brimstone Fiends (Geh:7)
  2 liches
  Jorgrun (Shoals:3)
  2 deep elf master archers (Zig:6)
  10 acid blobs
  2 tengu reavers
  2 azure jellies
  A shadow dragon (Vaults:5)
  A storm dragon (Depths:3)
  An emperor scorpion (Spider:4)
  3 fire giants (Geh:7)
  4 deep elf sorcerers (Elf:3)
  2 vault wardens (Vaults:4)
  A juggernaut zombie (Depths:4)
  3 elemental wellsprings (Coc:7)
  2 balrugs (Geh:7)
  5 reapers
  3 entropy weavers
  A war gargoyle (Hell)
  3 ironheart preservers
  9 very ugly things
  6 stone giants
  3 deep elf annihilators (Elf:3)
  2 blizzard demons (Coc:7)
  3 death oozes (Slime:5)
  2 deep elf death magi (Elf:3)
  4 ettins
  3 merfolk javelineers (Shoals:4)
  A ragged hierophant (Desolation)
  2 fire dragons
  A deep elf high priest (Elf:3)
  4 merfolk impalers
  A kraken zombie (Coc:7)
  3 yaktaur captains
  7 vault guards
  A hydra (Lair:4)
  2 great orbs of eyes
  A peacekeeper (Desolation)
  5 ice dragons
  A servant of whispers (Vaults:3)
  A catoblepas (Lair:6)
  3 ogre magi
  4 deep troll earth magi
  A satyr (Shoals:4)
  2 merfolk avatars
  2 death knights
  A dancing weapon (Zig:6)
  A two-headed ogre (shapeshifter) (Hell)
  A titan zombie (Geh:6)
  8 hell hogs
  An alligator snapping turtle (Shoals:1)
  A death yak (Lair:3)
  4 two-headed ogres
  2 titan skeletons
  7 hell knights
  2 spriggan berserkers
  2 deep elf knights (Elf:3)
  7 sun demons
  2 anaconda zombies
  3 sea snakes
  11 skeletal warriors
  4 deep trolls
  A gelid demonspawn (Depths:4)
  A spark wasp zombie (Depths:4)
  A flayed ghost (Geh:2)
  An orc knight (Vaults:5)
  2 wizards
  A glowing orange brain (Depths:3)
  An ironbrand convoker (Vaults:2)
  3 phantasmal warriors
  3 deep elf archers
  An anaconda skeleton (Coc:3)
  4 harpies
  6 necromancers
  A deep elf mage (Zig:6)
  A shining eye (Slime:2)
  5 wolf spiders
  A wolf spider zombie (Geh:4)
  10 ugly things
  3 stone giant zombies
  2 cyclopes (Shoals:2)
  A manticore (shapeshifter) (Vaults:1)
  3 orb spiders
  A shadow dragon skeleton (Geh:3)
  3 manticores
  3 salamanders
  6 oklob plants
  4 merfolk sirens
  5 fauns
  An elephant (Lair:5)
  2 guardian serpents (Desolation)
  5 vault sentinels
  2 rust devils
  A frost giant skeleton (Vaults:2)
  A stone giant skeleton (Geh:7)
  A spriggan zombie (Depths:4)
  A guardian serpent (shapeshifter) (Depths:3)
  A black mamba (Lair:6)
  2 molten gargoyles (Geh:7)
  3 water nymphs
  2 dire elephant skeletons
  6 yaktaurs
  2 hellions (Geh:7)
  A komodo dragon (Lair:6)
  2 efreet (Geh:7)
  An orange demon (Hell)
  A demonic crawler (Zig:4)
  2 tormentors
  8 ice devils (Coc:7)
  11 freezing wraiths
  A hellwing (Depths:4)
  A tengu conjurer (Depths:4)
  4 hydra zombies
  A polar bear (Lair:6)
  6 jumping spiders
  3 red devils
  5 merfolk
  2 hornets
  8 saltlings (Desolation)
  2 blink frogs (Lair:6)
  2 ice dragon zombies
  12 dream sheep
  An ettin zombie (Geh:2)
  23 slime creatures
  4 snapping turtles (Shoals:4)
  A hydra skeleton (Coc:6)
  An alligator zombie (Coc:3)
  A fire dragon zombie (Coc:7)
  An ettin skeleton (Geh:3)
  19 flying skulls
  A hippogriff (shapeshifter) (Vaults:1)
  8 water elementals
  4 spriggans (Lair:6)
  An alligator skeleton (Coc:7)
  2 fire dragon skeletons
  13 redbacks
  5 tarantellas
  A black mamba skeleton (Geh:5)
  8 yaks
  2 shadows
  6 wraiths
  A basilisk (shapeshifter) (Depths:3)
  A yak (shapeshifter) (Vaults:4)
  A golden eye (Slime:4)
  2 vampire mosquitoes (D:14)
  A basilisk (Lair:3)
  A merfolk zombie (Coc:7)
  A warg (Vaults:3)
  A porcupine (Lair:4)
  A floating eye (Lair:4)
  28 hell hounds
  An orc warrior (Vaults:3)
  A water moccasin (Lair:2)
  A hydra simulacrum (Coc:3)
  An ice beast (Coc:7)
  An alligator simulacrum (Coc:6)
  A phantom (Geh:2)
  A necrophage (Geh:3)
  A swamp dragon skeleton (Geh:7)
  5 ogres
  5 wolves (Lair:6)
  2 boggarts (Depths:1)
  5 centaurs
  2 human zombies
  An earth elemental (Zig:6)
  A human skeleton (Vaults:2)
  A wyvern skeleton (D:13)
  A human simulacrum (Vaults:2)
  3 wights
  9 crimson imps
  2 quasits (Depths:4)
  2 jellies (Lair:6)
  An orc priest (Vaults:2)
  2 iron imps (Depths:4)
  A hell rat (Hell)
  2 mummies
  A shadow imp (D:14)
  5 white imps
  4 orcs
  A bush (Lair:4)
  A fungus (Lair:6)
  2 plants
  2 tentacles (Coc:7)
574 creatures vanquished.

Vanquished Creatures (others)
  36 eldritch tentacles
  A fire giant (Geh:7)
  An elemental wellspring (Coc:7)
  A quicksilver dragon zombie (Geh:7)
  A hell hog (Geh:7)
  A shadow wraith (Vaults:2)
  A deep elf mage (Elf:1)
  2 cyclopes (Shoals:2)
  A saltling (Desolation)
  A flying skull (Coc:7)
  A shadow (Geh:3)
  A wraith (Geh:7)
  A water elemental (Coc:7)
  2 hell hounds
  A necrophage (Tar:7)
  A centaur (shapeshifter) (Vaults:1)
  A crocodile (Lair:4)
  3 wights
  A crimson imp (Depths:1)
  A white imp (Depths:1)
  2 fungi (Lair:6)
  18 plants
  13 snaplasher vines
  12 spectral weapons
  2 tentacles (Coc:7)
106 creatures vanquished.

Grand Total: 3083 creatures vanquished

Notes
Turn   | Place    | Note
-------+----------+-------------------------------------------
     0 | D:1      | MordorOrchid the Gnoll Fighter began the quest for the Orb.
     0 | D:1      | Reached XP level 1. HP: 23/23 MP: 1/1
    77 | D:1      | Reached XP level 2. HP: 29/29 MP: 2/2
   269 | D:1      | Reached XP level 3. HP: 33/35 MP: 3/3
   667 | D:2      | Reached skill level 1 in Invocations
   674 | D:2      | Noticed Terence
   679 | D:2      | Killed Terence
   679 | D:2      | Reached skill level 1 in Short Blades
   679 | D:2      | Reached skill level 1 in Long Blades
   679 | D:2      | Reached skill level 1 in Maces & Flails
   679 | D:2      | Reached skill level 1 in Polearms
   679 | D:2      | Reached skill level 1 in Staves
   679 | D:2      | Reached skill level 1 in Slings
   679 | D:2      | Reached skill level 1 in Bows
   679 | D:2      | Reached skill level 1 in Crossbows
   679 | D:2      | Reached skill level 1 in Throwing
   679 | D:2      | Reached skill level 1 in Dodging
   679 | D:2      | Reached skill level 1 in Stealth
   679 | D:2      | Reached skill level 1 in Unarmed Combat
   679 | D:2      | Reached skill level 1 in Spellcasting
   679 | D:2      | Reached skill level 1 in Evocations
   679 | D:2      | Reached XP level 4. HP: 35/41 MP: 5/5
   720 | D:2      | Found a snail-covered altar of Cheibriados.
   720 | D:2      | Found a shimmering altar of Xom.
   723 | D:2      | Became a worshipper of Cheibriados the Contemplative
   886 | D:2      | Reached skill level 1 in Conjurations
   886 | D:2      | Reached skill level 1 in Hexes
   886 | D:2      | Reached skill level 1 in Charms
   886 | D:2      | Reached skill level 1 in Summonings
   886 | D:2      | Reached skill level 1 in Necromancy
   886 | D:2      | Reached skill level 1 in Translocations
   886 | D:2      | Reached skill level 1 in Transmutations
   886 | D:2      | Reached skill level 1 in Fire Magic
   886 | D:2      | Reached skill level 1 in Ice Magic
   886 | D:2      | Reached skill level 1 in Air Magic
   886 | D:2      | Reached skill level 1 in Earth Magic
   886 | D:2      | Reached skill level 1 in Poison Magic
  1069 | D:3      | Reached * piety under Cheibriados
  1075 | D:3      | Reached XP level 5. HP: 47/47 MP: 6/6
  1192 | D:3      | Found a basalt altar of Yredelemnul.
  1379 | D:3      | Reached ** piety under Cheibriados
  1520 | D:4      | Found a staircase to the Ecumenical Temple.
  1553 | D:4      | Reached XP level 6. HP: 53/53 MP: 8/8
  1701 | D:4      | Found a sparkling altar of Nemelex Xobeh.
  1702 | D:4      | Noticed Menkaure
  1705 | D:4      | Killed Menkaure
  1705 | D:4      | Reached skill level 5 in Axes
  1964 | D:4      | Noticed Duvessa
  1964 | D:4      | Noticed Dowan
  1984 | D:4      | Killed Duvessa
  1984 | D:4      | Reached XP level 7. HP: 53/60 MP: 10/10
  2000 | D:4      | Killed Dowan
  2166 | D:5      | Entered Level 5 of the Dungeon
  2222 | D:5      | Reached *** piety under Cheibriados
  2595 | D:5      | Noticed an angel
  2596 | D:5      | Found a glowing silver altar of Zin.
  2726 | D:5      | Found a blossoming altar of Fedhas.
  2749 | D:5      | Reached XP level 8. HP: 42/67 MP: 12/12
  2800 | D:5      | Found a blossoming altar of Fedhas.
  3139 | D:6      | Found a glowing drain.
  3173 | Sewer    | Entered a sewer
  3199 | Sewer    | Reached **** piety under Cheibriados
  3468 | Sewer    | Reached ***** piety under Cheibriados
  3564 | D:6      | Noticed Prince Ribbit
  3579 | D:6      | Killed Prince Ribbit
  3579 | D:6      | Reached XP level 9. HP: 67/72 MP: 14/14
  3667 | D:7      | Found a hide-covered altar of Uskayaw.
  3736 | D:7      | Noticed a kobold demonologist
  3746 | D:7      | Killed a kobold demonologist
  3806 | D:7      | Found a sparkling altar of Nemelex Xobeh.
  4035 | D:8      | Noticed a hornet
  4061 | D:8      | Killed a hornet
  4214 | D:8      | Reached skill level 5 in Invocations
  4294 | D:8      | Noticed Harold
  4330 | D:8      | Killed Harold
  4330 | D:8      | Reached XP level 10. HP: 80/80 MP: 15/17
  4343 | D:8      | Reached skill level 5 in Short Blades
  4343 | D:8      | Reached skill level 5 in Long Blades
  4343 | D:8      | Reached skill level 5 in Maces & Flails
  4343 | D:8      | Reached skill level 5 in Polearms
  4343 | D:8      | Reached skill level 5 in Staves
  4343 | D:8      | Reached skill level 5 in Slings
  4343 | D:8      | Reached skill level 5 in Bows
  4343 | D:8      | Reached skill level 5 in Crossbows
  4343 | D:8      | Reached skill level 5 in Throwing
  4343 | D:8      | Reached skill level 5 in Dodging
  4343 | D:8      | Reached skill level 5 in Stealth
  4343 | D:8      | Reached skill level 5 in Unarmed Combat
  4343 | D:8      | Reached skill level 5 in Spellcasting
  4343 | D:8      | Reached skill level 5 in Evocations
  5185 | D:9      | Found a staircase to the Orcish Mines.
  5230 | D:9      | Noticed a death yak
  5231 | D:9      | Noticed a death yak
  5231 | D:9      | Noticed a death yak
  5239 | D:9      | Killed a death yak
  5239 | D:9      | Reached XP level 11. HP: 82/87 MP: 5/19
  5242 | D:9      | Killed a death yak
  5245 | D:9      | Killed a death yak
  5246 | D:9      | Reached skill level 5 in Conjurations
  5246 | D:9      | Reached skill level 5 in Hexes
  5246 | D:9      | Reached skill level 5 in Charms
  5246 | D:9      | Reached skill level 5 in Summonings
  5246 | D:9      | Reached skill level 5 in Necromancy
  5246 | D:9      | Reached skill level 5 in Translocations
  5246 | D:9      | Reached skill level 5 in Transmutations
  5246 | D:9      | Reached skill level 5 in Fire Magic
  5246 | D:9      | Reached skill level 5 in Ice Magic
  5246 | D:9      | Reached skill level 5 in Air Magic
  5246 | D:9      | Reached skill level 5 in Earth Magic
  5246 | D:9      | Reached skill level 5 in Poison Magic
  5258 | D:9      | Found a staircase to the Lair.
  5507 | D:9      | Noticed Maurice
  5523 | D:9      | Killed Maurice
  5683 | D:10     | Entered Level 10 of the Dungeon
  5731 | D:10     | Noticed a two-headed ogre
  5737 | D:10     | Killed a two-headed ogre
  6003 | D:10     | Noticed a four-headed hydra
  6014 | D:10     | Killed a four-headed hydra
  6109 | D:10     | Reached XP level 12. HP: 96/96 MP: 22/22
  6622 | D:11     | Reached ****** piety under Cheibriados
  6782 | D:11     | You fall through a shaft for 2 floors!
  6782 | D:13     | Found a shadowy altar of Dithmenos.
  6869 | D:12     | Noticed a two-headed ogre
  6878 | D:12     | Killed a two-headed ogre
  7289 | D:11     | Reached skill level 10 in Fighting
  7289 | D:11     | Reached skill level 10 in Armour
  7289 | D:11     | Reached skill level 10 in Shields
  7685 | D:12     | Reached XP level 13. HP: 53/103 MP: 24/24
  8076 | D:13     | Noticed a vault guard
  8076 | D:13     | Noticed a vault guard
  8076 | D:13     | Noticed a vault guard
  8077 | D:13     | Found a gate to the Vaults.
  8077 | D:13     | Noticed a vault guard
  8077 | D:13     | Noticed a vault guard
  8077 | D:13     | Noticed a vault guard
  8122 | D:12     | Killed a vault guard
  8163 | D:12     | Killed a vault guard
  8191 | D:12     | Killed a vault guard
  8507 | D:13     | Killed a vault guard
  8553 | D:13     | Noticed a vault guard
  8587 | D:13     | Killed a vault guard
  8731 | D:13     | Killed a vault guard
  8834 | D:13     | Noticed a vault guard
  8855 | D:13     | Killed a vault guard
  8869 | D:13     | Killed a vault guard
  9033 | Orc:1    | Entered Level 1 of the Orcish Mines
  9235 | Orc:1    | Found a burning altar of Makhleb.
  9235 | Orc:1    | Found Riun's Gadget Boutique.
  9255 | Orc:1    | Bought a wand of enslavement (7) for 108 gold pieces
  9377 | Orc:2    | Entered Level 2 of the Orcish Mines
  9377 | Orc:2    | Found a staircase to the Elven Halls.
  9680 | Orc:2    | Reached XP level 14. HP: 111/111 MP: 26/26
  9856 | Orc:2    | Found Raill's Jewellery Shop.
  9856 | Orc:2    | Found Valenladgh's Distillery.
  9858 | Orc:2    | Found Kuikej's Assorted Antiques.
  9860 | Orc:2    | Found Omouschif's Gadget Boutique.
  9929 | Orc:2    | Bought a cursed amulet of inaccuracy for 28 gold pieces
  9931 | Orc:2    | Bought a potion of heal wounds for 60 gold pieces
  9931 | Orc:2    | Bought a potion of heal wounds for 60 gold pieces
 10034 | Orc:2    | Found a roughly hewn altar of Beogh.
 10192 | Orc:2    | Bought an uncursed ring of poison resistance for 280 gold
                  | pieces
 10194 | Orc:2    | Bought a potion of mutation for 96 gold pieces
 10194 | Orc:2    | Bought a potion of mutation for 96 gold pieces
 10194 | Orc:2    | Bought a potion of might for 48 gold pieces
 10197 | Orc:2    | Bought a sack of spiders for 220 gold pieces
 10197 | Orc:2    | Bought a sack of spiders for 220 gold pieces
 10197 | Orc:2    | Bought a sack of spiders for 220 gold pieces
 10197 | Orc:2    | Bought a wand of iceblast (11) for 165 gold pieces
 10288 | Lair:1   | Entered Level 1 of the Lair of Beasts
 10506 | Lair:1   | Reached skill level 10 in Axes
 10561 | Lair:1   | Learned a level 4 spell: Summon Lightning Spire
 10572 | Lair:1   | Learned a level 3 spell: Regeneration
 10577 | Lair:1   | Learned a level 4 spell: Summon Ice Beast
 10580 | Lair:1   | Learned a level 2 spell: Song of Slaying
 10584 | Lair:1   | Learned a level 3 spell: Spectral Weapon
 11823 | Lair:3   | Reached skill level 10 in Invocations
 11942 | Lair:4   | Found a staircase to the Shoals.
 12035 | Lair:4   | Found a hole to the Spider Nest.
 12226 | Lair:4   | Paralysed by a floating eye for 3 turns
 12533 | Shoals:1 | Entered Level 1 of the Shoals
 12909 | Shoals:2 | Noticed a stone giant
 12926 | Shoals:2 | Killed a stone giant
 12926 | Shoals:2 | Reached XP level 15. HP: 115/119 MP: 16/28
 13221 | Shoals:3 | Found Madioxir's Antique Armour Shoppe.
 13397 | Shoals:3 | Noticed Jorgrun
 13407 | Shoals:3 | Killed Jorgrun
 13463 | Shoals:4 | Entered Level 4 of the Shoals
 13832 | Shoals:4 | Learned a level 5 spell: Bolt of Magma
 13973 | Shoals:4 | Found Huisou's Jewellery Shop.
 14089 | Shoals:4 | Reached skill level 10 in Short Blades
 14089 | Shoals:4 | Reached skill level 10 in Long Blades
 14089 | Shoals:4 | Reached skill level 10 in Maces & Flails
 14089 | Shoals:4 | Reached skill level 10 in Polearms
 14089 | Shoals:4 | Reached skill level 10 in Staves
 14089 | Shoals:4 | Reached skill level 10 in Slings
 14089 | Shoals:4 | Reached skill level 10 in Bows
 14089 | Shoals:4 | Reached skill level 10 in Crossbows
 14089 | Shoals:4 | Reached skill level 10 in Throwing
 14089 | Shoals:4 | Reached skill level 10 in Dodging
 14089 | Shoals:4 | Reached skill level 10 in Stealth
 14089 | Shoals:4 | Reached skill level 10 in Unarmed Combat
 14089 | Shoals:4 | Reached skill level 10 in Spellcasting
 14089 | Shoals:4 | Reached skill level 10 in Evocations
 14249 | Shoals:4 | Got a barnacled rune of Zot
 14435 | Shoals:4 | Learned a level 1 spell: Apportation
 14610 | Shoals:1 | Noticed Frances
 14623 | Shoals:1 | Killed Frances
 14769 | Shoals:1 | Reached XP level 16. HP: 86/127 MP: 6/30
 14872 | Lair:4   | Learned a level 5 spell: Venom Bolt
 14925 | Spider:1 | Entered Level 1 of the Spider Nest
 15872 | Spider:4 | Entered Level 4 of the Spider Nest
 16613 | Spider:4 | Got a gossamer rune of Zot
 16987 | Spider:1 | Reached XP level 17. HP: 135/135 MP: 22/32
 17634 | Lair:6   | Entered Level 6 of the Lair of Beasts
 18120 | Lair:6   | Found a runed translucent gate.
 18120 | Lair:6   | Found a runed translucent gate.
 18120 | Lair:6   | Found a runed translucent gate.
 18127 | Lair:6   | Noticed NeAGen181's ghost (adept HOFi)
 18183 | Lair:6   | Found a staircase to the Slime Pits.
 18420 | Lair:6   | Identified a scroll of acquirement
 18573 | Lair:6   | Killed NeAGen181's ghost
 18584 | Lair:6   | Identified the +11 scimitar of Context {slice, Stlth+} (You
                  | found it on level 6 of the Lair of Beasts)
 18585 | Lair:6   | Identified the ring of Yski Cumm {Ice rPois Slay+5} (You
                  | found it on level 6 of the Lair of Beasts)
 18762 | Elf:1    | Entered Level 1 of the Elven Halls
 18901 | Elf:2    | Found a runed translucent gate.
 18902 | Elf:2    | Found a runed translucent gate.
 19022 | Elf:2    | Found a runed translucent gate.
 19093 | Elf:3    | Entered Level 3 of the Elven Halls
 19488 | Elf:3    | Noticed an Ice Fiend
 19497 | Elf:3    | Noticed a Brimstone Fiend
 19733 | Elf:3    | Identified the cursed +0 buckler of the Moneychanger {+Fly
                  | Str+2}
 19735 | Elf:3    | Noticed a deep elf master archer
 19737 | Elf:3    | Noticed a deep elf blademaster
 19758 | Elf:2    | Killed a deep elf blademaster
 19870 | Elf:3    | Identified the ring "Ypnot" {Fire Dex+6}
 19873 | Elf:3    | Reached skill level 10 in Conjurations
 19873 | Elf:3    | Reached skill level 10 in Hexes
 19873 | Elf:3    | Reached skill level 10 in Charms
 19873 | Elf:3    | Reached skill level 10 in Summonings
 19873 | Elf:3    | Reached skill level 10 in Necromancy
 19873 | Elf:3    | Reached skill level 10 in Translocations
 19873 | Elf:3    | Reached skill level 10 in Transmutations
 19873 | Elf:3    | Reached skill level 10 in Fire Magic
 19873 | Elf:3    | Reached skill level 10 in Ice Magic
 19873 | Elf:3    | Reached skill level 10 in Air Magic
 19873 | Elf:3    | Reached skill level 10 in Earth Magic
 19873 | Elf:3    | Reached skill level 10 in Poison Magic
 19987 | Elf:3    | Reached XP level 18. HP: 143/143 MP: 22/33
 20262 | Elf:3    | Noticed an Ice Fiend
 20560 | Elf:3    | Killed a deep elf master archer
 20615 | Elf:3    | Identified the +2 helmet "Kuon" {rElec rN+ Dex+4} (You
                  | found it on level 3 of the Elven Halls)
 20656 | Elf:3    | Identified the Collected Works on Toxic Malediction
 20680 | Elf:3    | Got a heavily runed helmet
 20691 | Elf:3    | Identified the +2 helmet "Reixtoun" {rPois rN+ Dex+2} (You
                  | found it on level 3 of the Elven Halls)
 20708 | Elf:3    | Got an ebony hand crossbow
 20709 | Elf:3    | Identified the +9 hand crossbow of the Demagogue {penet,
                  | rN+++ Str+3} (You found it on level 3 of the Elven Halls)
 20986 | Orc:2    | Bought a scroll of blinking for 262 gold pieces
 20986 | Orc:2    | Bought a scroll of teleportation for 105 gold pieces
 20986 | Orc:2    | Bought a potion of heal wounds for 175 gold pieces
 20986 | Orc:2    | Bought a wand of iceblast (8) for 140 gold pieces
 20986 | Orc:2    | Bought a wand of acid (9) for 280 gold pieces
 20986 | Orc:2    | Bought a scroll of fog for 70 gold pieces
 20991 | Orc:2    | Bought a wand of iceblast (6) for 110 gold pieces
 21088 | Lair:1   | Learned a level 3 spell: Conjure Flame
 21230 | Slime:1  | Entered Level 1 of the Pits of Slime
 21640 | Slime:3  | Paralysed by a floating eye for 3 turns
 21889 | Slime:4  | Noticed Dissolution
 22129 | Slime:5  | Entered Level 5 of the Pits of Slime
 22181 | Slime:5  | Noticed the Royal Jelly
 22221 | Slime:5  | Paralysed by a great orb of eyes for 7 turns
 22236 | Slime:5  | Killed the Royal Jelly
 22236 | Slime:5  | Reached XP level 19. HP: 101/151 MP: 29/35
 22392 | Slime:5  | Learned a level 5 spell: Borgnjor's Vile Clutch
 22395 | Slime:5  | Got a slimy rune of Zot
 22405 | Slime:5  | Got a translucent brass ring
 22438 | Slime:5  | Identified the ring "Jesimos" {rElec rPois Str+5 Slay+2}
                  | (You found it on level 5 of the Pits of Slime)
 22440 | Slime:5  | Identified the cursed +0 hat "Mafyroh" {+Inv rElec rN+
                  | Stlth+} (You found it on level 5 of the Pits of Slime)
 22565 | Lair:6   | Identified the ring "Wesat" {Ice +Fly MR+} (You found it on
                  | level 5 of the Pits of Slime)
 22713 | Lair:4   | Got a distressingly furry cloak
 22719 | Lair:4   | Identified the +1 cloak "Dymuxutz" {rF+ Str+4 Int+3} (You
                  | acquired it on level 4 of the Lair of Beasts)
 22795 | Lair:1   | Learned a level 2 spell: Passwall
 22800 | Lair:1   | Learned a level 4 spell: Passage of Golubria
 22922 | Vaults:1 | Entered Level 1 of the Vaults
 23912 | Vaults:2 | Found Piconiv's Book Shop.
 24122 | Vaults:3 | Found a ruined gateway.
 24187 | Desolati | Entered the Desolation of Salt
 24322 | Desolati | Reached XP level 20. HP: 150/159 MP: 36/36
 24350 | Desolati | Identified Sif Muna's Almanac of Lucky Flight
 24351 | Desolati | Identified Wehuogh's Handbook of Toxins and Snow
 24752 | Desolati | Identified the Collected Works on Glacial Conjuration
 24972 | Desolati | Got a bound platinum ring
 25029 | Desolati | Got a crystal morningstar
 25081 | Desolati | Got a smoking morningstar
 25098 | Desolati | Got a shimmering fustibalus
 25124 | Desolati | Identified the +7 morningstar of the Extremely Mad {flame,
                  | rElec rC- Str+4 Dex+3} (You found it in the Desolation of
                  | Salt)
 25125 | Desolati | Identified the +2 morningstar of the Abyss {crush, rF++
                  | MP+9 Str+3 Int-4} (You found it in the Desolation of Salt)
 25126 | Desolati | Identified the +5 fustibalus of Xis Cah {flame, rPois rF++
                  | Str-2 Stlth+} (You found it in the Desolation of Salt)
 25153 | Vaults:3 | Identified the ring of Syxueddo {+Fly rPois Dex+4} (You
                  | found it in the Desolation of Salt)
 26107 | Vaults:4 | Reached XP level 21. HP: 162/166 MP: 38/38
 26458 | Vaults:5 | Entered Level 5 of the Vaults
 26711 | Vaults:5 | Reached skill level 15 in Fighting
 26711 | Vaults:5 | Reached skill level 15 in Armour
 26711 | Vaults:5 | Reached skill level 15 in Shields
 26908 | Vaults:5 | Reached skill level 15 in Invocations
 27062 | Vaults:5 | Noticed Saint Roka
 27076 | Vaults:5 | Identified the cursed +2 broad axe "Cosot" {freeze, *Contam
                  | rElec Str+3 SInv}
 27076 | Vaults:5 | Identified the +1 chain mail of Asiyclor {rF+ Dex-5 Slay+4
                  | Stlth+}
 27079 | Vaults:5 | Reached XP level 22. HP: 104/175 MP: 8/40
 27130 | Vaults:5 | Noticed Mennas
 27201 | Vaults:5 | Killed Mennas
 27207 | Vaults:5 | Killed Saint Roka
 27400 | Vaults:5 | Got a silver rune of Zot
 27680 | Vaults:5 | Reached skill level 15 in Axes
 27701 | Vaults:5 | Found Ucvoiczu's Magic Scroll Shoppe.
 27711 | Vaults:5 | Bought a scroll of teleportation for 36 gold pieces
 27711 | Vaults:5 | Bought a scroll of teleportation for 36 gold pieces
 27711 | Vaults:5 | Bought a scroll of enchant weapon for 90 gold pieces
 27711 | Vaults:5 | Bought a scroll of enchant weapon for 90 gold pieces
 27711 | Vaults:5 | Bought a scroll of identify for 24 gold pieces
 27711 | Vaults:5 | Bought a scroll of identify for 24 gold pieces
 27711 | Vaults:5 | Bought a scroll of amnesia for 42 gold pieces
 28844 | Vaults:2 | Found a staircase to the Crypt.
 29037 | D:13     | Learned a level 5 spell: Summon Forest
 29183 | D:14     | Got a pair of smoking boots
 29189 | D:14     | Identified the +0 pair of boots of Spring Thaw {-Cast rPois
                  | MR++} (You found it on level 14 of the Dungeon)
 29369 | D:14     | Reached XP level 23. HP: 180/183 MP: 39/41
 29501 | D:15     | Entered Level 15 of the Dungeon
 29558 | D:15     | Found a white marble altar of Elyvilon.
 29615 | D:15     | Found an opulent altar of Gozag.
 29661 | D:15     | Identified the +6 war axe "Serikiodd" {protect, rPois} (You
                  | found it on level 15 of the Dungeon)
 29756 | D:15     | Found a staircase to the Depths.
 29909 | Depths:1 | Entered Level 1 of the Depths
 29940 | Depths:1 | Found Faniq's Gadget Boutique.
 29940 | Depths:1 | Found Jinlomal's Jewellery Emporium.
 29941 | Depths:1 | Found a one-way gate leading to the halls of Pandemonium.
 29951 | Depths:1 | Found Hedeoling's Gadget Boutique.
 30048 | Depths:1 | Found a one-way gate to the infinite horrors of the Abyss.
 30165 | Depths:1 | Found a gateway to Hell.
 30304 | Depths:1 | Found the +6 lightning scales {run, rElec}
 30322 | Depths:1 | Identified Eptoqaho's Incunabulum of Fire and Attacks
 30330 | Depths:1 | Learned a level 5 spell: Irradiate
 30520 | Depths:2 | Reached skill level 15 in Short Blades
 30520 | Depths:2 | Reached skill level 15 in Long Blades
 30520 | Depths:2 | Reached skill level 15 in Maces & Flails
 30520 | Depths:2 | Reached skill level 15 in Polearms
 30520 | Depths:2 | Reached skill level 15 in Staves
 30520 | Depths:2 | Reached skill level 15 in Slings
 30520 | Depths:2 | Reached skill level 15 in Bows
 30520 | Depths:2 | Reached skill level 15 in Crossbows
 30520 | Depths:2 | Reached skill level 15 in Throwing
 30520 | Depths:2 | Reached skill level 15 in Dodging
 30520 | Depths:2 | Reached skill level 15 in Stealth
 30520 | Depths:2 | Reached skill level 15 in Unarmed Combat
 30520 | Depths:2 | Reached skill level 15 in Spellcasting
 30520 | Depths:2 | Reached skill level 15 in Evocations
 30682 | Depths:3 | Noticed a golden dragon
 30697 | Depths:3 | Killed a golden dragon
 30938 | Depths:3 | Identified Sif Muna's Guide on Companions and Displacement
 31037 | Depths:3 | Reached XP level 24. HP: 189/191 MP: 31/42
 31065 | Depths:3 | Found a gateway to a ziggurat.
 31610 | Depths:4 | Noticed a caustic shrike
 31611 | Depths:4 | Identified the cursed +3 flail of Laceration {crush, +Blink
                  | rPois}
 31629 | Depths:4 | Killed a caustic shrike
 31744 | Depths:4 | Learned a level 6 spell: Statue Form
 31932 | Depths:5 | Entered Level 5 of the Depths
 31933 | Depths:5 | Noticed a juggernaut
 31946 | Depths:5 | Killed a juggernaut
 32131 | Depths:5 | Noticed a caustic shrike
 32132 | Depths:5 | Noticed a caustic shrike
 32134 | Depths:5 | Noticed a caustic shrike
 32139 | Depths:5 | Killed a caustic shrike
 32142 | Depths:5 | Killed a caustic shrike
 32148 | Depths:5 | Killed a caustic shrike
 32239 | Depths:5 | Reached XP level 25. HP: 139/200 MP: 42/42
 32357 | Depths:5 | Found a gate to the Realm of Zot.
 32508 | Depths:5 | Noticed Margery
 32515 | Depths:5 | Killed Margery
 32725 | Depths:3 | Identified the +6 great sword "Juorah" {slice, rC+ rN+
                  | Str-3}
 33035 | Depths:2 | Noticed Asterion
 33040 | Depths:2 | Killed Asterion
 33382 | Depths:2 | Upgraded the game from 0.23.3 to 0.23.3-3-gaaff5abdbf
 33390 | Depths:2 | Learned a level 7 spell: Malign Gateway
 33411 | Hell     | Entered the Vestibule of Hell
 33411 | Hell     | Noticed Geryon
 33619 | Hell     | Reached XP level 26. HP: 208/208 MP: 42/43
 33672 | Hell     | Found a gateway to the ashen valley of Gehenna.
 33728 | Hell     | Killed Geryon
 33825 | Hell     | Found a gateway to the decaying netherworld of Tartarus.
 33836 | Hell     | Found a gateway to the freezing wastes of Cocytus.
 33950 | Tar:1    | Entered Level 1 of Tartarus
 34060 | Tar:1    | Paralysed by a vampire knight for 7 turns
 34237 | Tar:5    | You fall through a shaft!
 34299 | Tar:6    | Gained mutation: You are weak. (Str -2) [mutagenic glow]
 34312 | Tar:6    | Gained mutation: You are very weak. (Str -4) [mutagenic
                  | glow]
 34316 | Tar:7    | Entered Level 7 of Tartarus
 34324 | Tar:7    | Gained mutation: Scrolls take you a little longer to read.
                  | [mutagenic glow]
 34361 | Hell     | Lost mutation: You are very weak. (Str -4) [potion of
                  | mutation]
 34361 | Hell     | Lost mutation: You are weak. (Str -2) [potion of mutation]
 34361 | Hell     | Gained mutation: Potions are less effective at restoring
                  | your health. [potion of mutation]
 34361 | Hell     | Gained mutation: You are occasionally teleported next to
                  | monsters. [potion of mutation]
 34361 | Hell     | Gained mutation: You have a pair of small horns on your
                  | head. [potion of mutation]
 34361 | Hell     | Gained mutation: You are partially covered in icy blue
                  | scales. (AC +2) [potion of mutation]
 34362 | Hell     | Lost mutation: Scrolls take you a little longer to read.
                  | [potion of mutation]
 34362 | Hell     | Lost mutation: You have a pair of small horns on your head.
                  | [potion of mutation]
 34362 | Hell     | Gained mutation: You are agile. (Dex +2) [potion of
                  | mutation]
 34363 | Hell     | Lost mutation: You are agile. (Dex +2) [potion of mutation]
 34363 | Hell     | Lost mutation: You are occasionally teleported next to
                  | monsters. [potion of mutation]
 34363 | Hell     | Lost mutation: You are partially covered in icy blue
                  | scales. (AC +2) [potion of mutation]
 34363 | Hell     | Gained mutation: You are dopey. (Int -2) [potion of
                  | mutation]
 34363 | Hell     | Gained mutation: You are agile. (Dex +2) [potion of
                  | mutation]
 34363 | Hell     | Gained mutation: You are surrounded by a mild repulsion
                  | field. (EV +2) [potion of mutation]
 34364 | Hell     | Lost mutation: You are agile. (Dex +2) [potion of mutation]
 34364 | Hell     | Lost mutation: You are dopey. (Int -2) [potion of mutation]
 34364 | Hell     | Gained mutation: Your body sometimes deteriorates upon
                  | taking damage. [potion of mutation]
 34364 | Hell     | Gained mutation: You are partially covered in icy blue
                  | scales. (AC +2) [potion of mutation]
 34365 | Hell     | Lost mutation: Your body sometimes deteriorates upon taking
                  | damage. [potion of mutation]
 34365 | Hell     | Lost mutation: You are surrounded by a mild repulsion
                  | field. (EV +2) [potion of mutation]
 34365 | Hell     | Gained mutation: You are somewhat resistant to further
                  | mutation. [potion of mutation]
 34366 | Hell     | Lost mutation: Potions are less effective at restoring your
                  | health. [potion of mutation]
 34366 | Hell     | Lost mutation: You are partially covered in icy blue
                  | scales. (AC +2) [potion of mutation]
 34366 | Hell     | Gained mutation: You do not regenerate when monsters are
                  | visible. [potion of mutation]
 34366 | Hell     | Gained mutation: You have a pair of small horns on your
                  | head. [potion of mutation]
 34367 | Hell     | Lost mutation: You have a pair of small horns on your head.
                  | [potion of mutation]
 34367 | Hell     | Lost mutation: You do not regenerate when monsters are
                  | visible. [potion of mutation]
 34367 | Hell     | Lost mutation: You are somewhat resistant to further
                  | mutation. [potion of mutation]
 34367 | Hell     | Gained mutation: You are partially covered in rugged brown
                  | scales. (AC +1, +3% HP) [potion of mutation]
 34367 | Hell     | Gained mutation: You have large cloven feet. [potion of
                  | mutation]
 34674 | Tar:6    | You fall through a shaft!
 34757 | Tar:7    | Gained mutation: Armour fits poorly on your strangely
                  | shaped body. [mutagenic glow]
 34817 | Tar:7    | Noticed the Serpent of Hell
 34829 | Tar:7    | Killed the Serpent of Hell
 34829 | Tar:7    | Reached XP level 27. HP: 176/223 MP: 44/44
 34874 | Tar:7    | Identified the +10 trident of Olawkiti {pain, Fragile rN+
                  | MP+9 Stlth+}
 34874 | Tar:7    | Noticed Ereshkigal
 34902 | Tar:7    | Killed Ereshkigal
 34939 | Tar:7    | Got a bone rune of Zot
 34950 | Tar:7    | Identified the +1 pair of gloves "Haeberhy" {Dex+3} (You
                  | found it on level 7 of Tartarus)
 34956 | Tar:7    | Identified the cursed +1 fire dragon scales of Ungeat {rF++
                  | rC- Int+4} (You found it on level 7 of Tartarus)
 34993 | Hell     | Learned a level 7 spell: Spellforged Servitor
 35014 | Coc:1    | Entered Level 1 of Cocytus
 35018 | Coc:1    | You fall through a shaft!
 35213 | Coc:3    | You fall through a shaft for 3 floors!
 35248 | Coc:7    | Entered Level 7 of Cocytus
 35294 | Coc:7    | Reached skill level 15 in Conjurations
 35294 | Coc:7    | Reached skill level 15 in Hexes
 35294 | Coc:7    | Reached skill level 15 in Charms
 35294 | Coc:7    | Reached skill level 15 in Summonings
 35294 | Coc:7    | Reached skill level 15 in Necromancy
 35294 | Coc:7    | Reached skill level 15 in Translocations
 35294 | Coc:7    | Reached skill level 15 in Transmutations
 35294 | Coc:7    | Reached skill level 15 in Fire Magic
 35294 | Coc:7    | Reached skill level 15 in Ice Magic
 35294 | Coc:7    | Reached skill level 15 in Air Magic
 35294 | Coc:7    | Reached skill level 15 in Earth Magic
 35294 | Coc:7    | Reached skill level 15 in Poison Magic
 35697 | Coc:7    | Noticed Antaeus
 35709 | Coc:7    | Killed Antaeus
 35732 | Coc:7    | Identified the +1 hat of the Insatiable Cities {Stlth+}
                  | (You found it on level 7 of Cocytus)
 35737 | Coc:7    | Got an icy rune of Zot
 35740 | Coc:7    | Identified the +5 dire flail of the Queen {antimagic, rElec
                  | Int-4 Dex+4 SInv} (You found it on level 7 of Cocytus)
 35741 | Coc:7    | Identified the +3 plate armour "Hivveih" {Slay+3} (You
                  | found it on level 7 of Cocytus)
 35749 | Coc:7    | Gained mutation: Your spells are a little easier to cast,
                  | but a little less powerful. [mutagenic glow]
 35994 | Geh:1    | Entered Level 1 of Gehenna
 36003 | Geh:1    | You fall through a shaft!
 36350 | Geh:7    | Entered Level 7 of Gehenna
 36902 | Geh:7    | Identified the +7 sceptre of Asmodeus
 36902 | Geh:7    | Noticed Asmodeus
 36922 | Geh:7    | Killed Asmodeus
 36961 | Geh:7    | Got an obsidian rune of Zot
 37415 | Zig:1    | Entered Level 1 of a ziggurat
 37429 | Zig:2    | Entered Level 2 of a ziggurat
 37455 | Zig:2    | Identified the +0 pair of boots "Nojo Zyota" {Regen+} (You
                  | found it on level 2 of a ziggurat)
 37457 | Zig:3    | Entered Level 3 of a ziggurat
 37475 | Zig:4    | Entered Level 4 of a ziggurat
 37515 | Zig:5    | Entered Level 5 of a ziggurat
 37554 | Zig:6    | Entered Level 6 of a ziggurat
 37582 | Zig:6    | Identified the Almanac of Victory
 37589 | Zig:7    | Entered Level 7 of a ziggurat
 37595 | Zig:7    | Noticed Ecuxtug the pandemonium lord
 37607 | Zig:7    | Killed Ecuxtug the pandemonium lord
 37607 | Zig:7    | Slain by a monstrous warmonger

Skill      XL: |  1  2  3  4  5  6  7  8  9 10 11 12 13 14 15 16 17 18 19 20 21 22 23 24 25 26 27 |
---------------+----------------------------------------------------------------------------------+-----
Invocations    | 1 2 3 4 5 6 7 8 9 10 11 12 13 14 15 16 17 18 19 | 19.9
Short Blades   | 1 2 3 4 5 6 7 8 9 10 11 12 13 14 15 16 17 18 | 18.6
Long Blades    | 1 2 3 4 5 6 7 8 9 10 11 12 13 14 15 16 17 18 | 18.6
Maces & Flails | 1 2 3 4 5 6 7 8 9 10 11 12 13 14 15 16 17 18 | 18.6
Polearms       | 1 2 3 4 5 6 7 8 9 10 11 12 13 14 15 16 17 18 | 18.6
Staves         | 1 2 3 4 5 6 7 8 9 10 11 12 13 14 15 16 17 18 | 18.6
Slings         | 1 2 3 4 5 6 7 8 9 10 11 12 13 14 15 16 17 18 | 18.6
Bows           | 1 2 3 4 5 6 7 8 9 10 11 12 13 14 15 16 17 18 | 18.6
Crossbows      | 1 2 3 4 5 6 7 8 9 10 11 12 13 14 15 16 17 18 | 18.6
Throwing       | 1 2 3 4 5 6 7 8 9 10 11 12 13 14 15 16 17 18 | 18.6
Dodging        | 1 2 3 4 5 6 7 8 9 10 11 12 13 14 15 16 17 18 | 18.6
Stealth        | 1 2 3 4 5 6 7 8 9 10 11 12 13 14 15 16 17 18 | 18.6
Unarmed Combat | 1 2 3 4 5 6 7 8 9 10 11 12 13 14 15 16 17 18 | 18.6
Spellcasting   | 1 2 3 4 5 6 7 8 9 10 11 12 13 14 15 16 17 18 | 18.6
Evocations     | 1 2 3 4 5 6 7 8 9 10 11 12 13 14 15 16 17 18 | 18.6
Conjurations   | 1 2 3 4 5 6 7 8 9 10 11 12 13 14 16 | 16.0
Hexes          | 1 2 3 4 5 6 7 8 9 10 11 12 13 14 16 | 16.0
Charms         | 1 2 3 4 5 6 7 8 9 10 11 12 13 14 16 | 16.0
Summonings     | 1 2 3 4 5 6 7 8 9 10 11 12 13 14 16 | 16.0
Necromancy     | 1 2 3 4 5 6 7 8 9 10 11 12 13 14 16 | 16.0
Translocations | 1 2 3 4 5 6 7 8 9 10 11 12 13 14 16 | 16.0
Transmutations | 1 2 3 4 5 6 7 8 9 10 11 12 13 14 16 | 16.0
Fire Magic     | 1 2 3 4 5 6 7 8 9 10 11 12 13 14 16 | 16.0
Ice Magic      | 1 2 3 4 5 6 7 8 9 10 11 12 13 14 16 | 16.0
Air Magic      | 1 2 3 4 5 6 7 8 9 10 11 12 13 14 16 | 16.0
Earth Magic    | 1 2 3 4 5 6 7 8 9 10 11 12 13 14 16 | 16.0
Poison Magic   | 1 2 3 4 5 6 7 8 9 10 11 12 13 14 16 | 16.0
Axes           | 5 6 7 8 9 10 11 12 13 14 15 16 17 19 | 19.0
Fighting       | 7 8 9 10 11 12 13 14 15 16 17 19 | 19.3
Armour         | 7 8 9 10 11 12 13 14 15 16 17 19 | 19.3
Shields        | 7 8 9 10 11 12 13 14 15 16 17 19 | 19.3

Action                   |  1- 3 |  4- 6 |  7- 9 | 10-12 | 13-15 | 16-18 | 19-21 | 22-24 | 25-27 || total
-------------------------+-------+-------+-------+-------+-------+-------+-------+-------+-------++-------
Melee: Short sword       |    65 |   111 |   285 |   519 |   146 |     2 |       |       |       ||  1128
       Bite              |     7 |    21 |    55 |   138 |   224 |    94 |   152 |   125 |   260 ||  1076
       Dagger            |       |    45 |    78 |    79 |   134 |       |       |       |       ||   336
       Flail             |       |       |       |       |   597 |   395 |   534 |   509 |   205 ||  2240
       Staff             |       |       |       |       |       |     8 |       |       |       ||     8
       Rapier            |       |       |       |       |       |       |    55 |     3 |     4 ||    62
       Unarmed           |       |       |       |       |       |       |       |       |  1043 ||  1043
       Kick              |       |       |       |       |       |       |       |       |   343 ||   343
 Fire: Hunting sling     |       |       |    15 |    19 |   287 |    23 |       |       |       ||   344
       Blowgun           |       |       |       |       |       |     4 |       |       |     7 ||    11
       Hand crossbow     |       |       |       |       |       |    45 |   196 |   135 |    37 ||   413
Throw: Javelin           |       |       |     4 |    27 |    31 |   163 |   152 |   117 |   167 ||   661
       Throwing net      |       |       |       |       |       |     7 |     3 |     5 |     1 ||    16
 Cast: Summon Ice Beast  |       |       |       |       |    50 |    31 |     5 |       |       ||    86
       Summon Lightning  |       |       |       |       |    68 |    97 |    70 |    37 |    11 ||   283
       Spectral Weapon   |       |       |       |       |    23 |    18 |    24 |    20 |     5 ||    90
       Song of Slaying   |       |       |       |       |     4 |     2 |     2 |     1 |     7 ||    16
       Bolt of Magma     |       |       |       |       |    19 |    31 |     9 |   138 |    10 ||   207
       Regeneration      |       |       |       |       |     7 |    21 |    15 |    12 |    69 ||   124
       Apportation       |       |       |       |       |     1 |   178 |   236 |   159 |    60 ||   634
       Venom Bolt        |       |       |       |       |       |   175 |    17 |     2 |       ||   194
       Conjure Flame     |       |       |       |       |       |     1 |     2 |     3 |       ||     6
       Borgnjor's Vile C |       |       |       |       |       |       |    75 |    78 |   125 ||   278
       Passage of Golubr |       |       |       |       |       |       |     2 |    47 |   190 ||   239
       Passwall          |       |       |       |       |       |       |       |   127 |    97 ||   224
       Summon Forest     |       |       |       |       |       |       |       |    15 |    13 ||    28
       Statue Form       |       |       |       |       |       |       |       |       |    80 ||    80
       Malign Gateway    |       |       |       |       |       |       |       |       |    37 ||    37
       Spellforged Servi |       |       |       |       |       |       |       |       |     8 ||     8
       Irradiate         |       |       |       |       |       |       |       |       |     3 ||     3
Invok: Bend Time         |       |     1 |    10 |    17 |    28 |     4 |       |       |     6 ||    66
       Slouch            |       |       |     1 |     4 |     1 |       |     3 |     4 |     5 ||    18
       Step From Time    |       |       |       |       |       |     1 |       |       |       ||     1
       Temporal Distorti |       |       |       |       |       |       |       |       |     7 ||     7
 Abil: End Transformatio |       |       |       |       |       |       |       |       |     1 ||     1
Evoke: Wand              |       |       |       |    16 |    44 |    32 |     4 |     8 |     2 ||   106
       Lightning rod     |       |       |       |       |       |     9 |       |       |       ||     9
       Box of beasts     |       |       |       |       |       |     2 |       |     1 |       ||     3
       Lamp of fire      |       |       |       |       |       |     1 |       |       |     1 ||     2
       Sack of spiders   |       |       |       |       |       |       |       |     3 |     5 ||     8
       Phantom mirror    |       |       |       |       |       |       |       |     1 |       ||     1
       Staff of energy   |       |       |       |       |       |       |       |    11 |    11 ||    22
       Horn of Geryon    |       |       |       |       |       |       |       |       |     1 ||     1
  Use: Scroll            |     1 |     7 |     3 |     7 |    17 |    22 |    12 |     8 |    17 ||    94
       Potion            |     1 |     1 |     1 |     2 |     2 |     9 |     3 |     3 |    12 ||    34
 Stab: Sleeping          |       |       |       |       |     6 |     2 |    13 |       |    14 ||    35
       Distracted        |       |       |       |       |    20 |    22 |    36 |    28 |    17 ||   123
       Invisible         |       |       |       |       |       |     9 |       |       |       ||     9
       Held in net/web   |       |       |       |       |       |       |     1 |     1 |     1 ||     3
       Paralysed         |       |       |       |       |       |       |       |       |     1 ||     1
  Eat: Chunk             |       |     2 |     6 |    13 |    18 |    21 |     7 |     2 |     1 ||    70
       Ration            |       |       |       |       |       |     1 |     1 |     3 |     6 ||    11
Armor: Scale mail        |    20 |       |       |       |       |       |       |       |       ||    20
       Chain mail        |       |    46 |   131 |   128 |    23 |       |       |       |       ||   328
       Skin              |       |     1 |     4 |     8 |       |       |       |       |   490 ||   503
       Pearl dragon scal |       |       |       |       |   163 |   157 |   172 |    18 |       ||   510
       Crystal plate arm |       |       |       |       |       |       |       |   193 |   166 ||   359
Dodge: Dodged            |    18 |    30 |   114 |   184 |   398 |   336 |   355 |   269 |  1985 ||  3689
Block: Shield            |    35 |    90 |   340 |   460 |   908 |   553 |   646 |    96 |       ||  3128
       Large shield      |       |       |       |       |       |       |       |   706 |  3123 ||  3829
